 Dungeon Crawl Stone Soup version 0.21-a0-95-g06f091e (webtiles) character file.

963 Ordine the Conjurer (level 7, -5/36 HPs)
             Began as a Deep Elf Wizard on July 5, 2017.
             Killed from afar by Banto's ghost (11 damage)
             ... with a zap
             ... on level 5 of the Dungeon.
             The game lasted 00:11:20 (4630 turns).

Ordine the Conjurer (Deep Elf Wizard)               Turns: 4630, Time: 00:11:21

Health: -5/36      AC:  7    Str:  9    XL:     7   Next: 92%
Magic:  5/16       EV: 24    Int: 25    God:
Gold:   237        SH:  0    Dex: 18    Spells: 7/16 levels left

rFire    . . .     SeeInvis .   t - +2 dagger (venom)
rCold    . . .     Gourm    .   (no shield)
rNeg     . . .     Faith    .   a - +0 robe
rPois    .         Spirit   .   p - +1 helmet
rElec    .         Reflect  .   (no cloak)
rCorr    .         Harm     .   b - +2 pair of gloves
MR       .....                  (no boots)
Stlth    ++++......             i - amulet of magic regeneration
HPRegen  0.12/turn              n - +6 ring of evasion
MPRegen  0.40/turn              (no ring)

@: mighty, agile, flying
A: no striking features
a: no special abilities


You were on level 5 of the Dungeon.
You were not hungry.

You visited 1 branch of the dungeon, and saw 5 of its levels.

You collected 237 gold pieces.

Inventory:

Hand Weapons
 t - a +2 dagger of venom (weapon)
Armour
 a - a +0 robe (worn)
 b - a +2 pair of gloves (worn)
 p - a +1 helmet (worn)
Jewellery
 i - an amulet of magic regeneration (around neck)
 n - a +6 ring of evasion (left hand)
Wands
 x - a wand of disintegration (14/24)
 y - a wand of iceblast (6/15)
Scrolls
 k - 2 scrolls of recharging
 m - 4 scrolls of teleportation
 s - a scroll of immolation
 v - a scroll of enchant armour
 w - a scroll of remove curse
Potions
 e - a potion of resistance
 f - a potion of ambrosia
Books
 c - a book of Minor Magic

   Spells                             Type                      Level
   a - Magic Dart                     Conjuration                  1
   b - Blink                          Translocation                2
   c - Call Imp                       Summoning                    2
   d - Slow                           Hexes                        2
   e - Conjure Flame                  Conjuration/Fire             3
   f - Mephitic Cloud                 Conjuration/Poison/Air       3
Comestibles
 d - 7 bread rations
 h - 2 fruits
 j - 4 meat rations
 q - a royal jelly


   Skills:
 + Level 1.2 Short Blades
 - Level 2.4 Dodging
 + Level 5.0 Stealth
 - Level 5.0 Spellcasting
 * Level 5.9 Conjurations
   Level 1.1 Summonings
 - Level 3.0 Translocations
 + Level 3.0 Fire Magic
 + Level 3.1 Air Magic
 + Level 2.8 Poison Magic


You had 7 spell levels left.
You knew the following spells:

 Your Spells              Type           Power        Failure   Level  Hunger
a - Magic Dart            Conj           ####         1%          1    None
b - Blink                 Tloc           N/A          3%          2    None
c - Conjure Flame         Conj/Fire      ####....     3%          3    ##.....
d - Mephitic Cloud        Conj/Pois/Air  ####....     4%          3    ##.....


Dungeon Overview and Level Annotations

Branches:
Dungeon (5/15)
 Temple: D:4-7

Altars:
Gozag
Zin

Annotations:
D:5 Banto's ghost, novice DgWn


Message History

Aim: Banto's ghost, wielding a weapon of venom (almost destroyed)
The magic dart hits Banto's ghost.
Banto's ghost is almost destroyed.
Banto's ghost casts a spell at you. The zap misses you.
All of the chunks of flesh in your inventory have rotted away.
It was a potion of cancellation.
You feel magically purged.
Banto's ghost points at you and mumbles some strange words.
The zap misses you.
It was a potion of might.
You feel very mighty all of a sudden.
It was a potion of flight.
You feel very buoyant.
You fly up into the air.
You feel more buoyant.
It was a potion of agility.
You feel agile all of a sudden. Banto's ghost casts a spell at you.
The zap hits you!
You die...

......#.......#..#####.....#
......#.####..#..# #.#####
............#....# #.#
#####............# #.# .#
##......##.#.# #.# .#
#......##...# #.# .#
#......###..## #.# .#
#......# #...# #. .#
#......# ##@.# ## ########
#W.# #..# #...# .#..# ..#..#
...#..# W..$#... ..... #..#


You could see Banto's ghost.

Vanquished Creatures
  An ice beast (D:5)
  2 phantoms (D:4)
  An ogre (D:4)
  2 centaurs (D:5)
  A howler monkey (D:4)
  A crimson imp (D:5)
  A hound (D:4)
  An orc priest (D:3)
  An orc wizard (D:4)
  Ijyb (D:5)
  3 iguanas
  A worker ant (D:4)
  A hound skeleton (D:4)
  Robin (D:3)
  6 adders
  An adder zombie (D:5)
  A worm (D:2)
  The ghost of Banto the Sneak, a weakling DgWn (D:3)
  A dart slug (D:1)
  3 leopard geckos
  8 orcs
  5 bats
  3 giant cockroaches
  9 goblins
  10 hobgoblins
  2 jackals (D:2)
  2 quokkas
  5 frilled lizards
  A jackal zombie (D:5)
  2 kobolds
  9 rats
87 creatures vanquished.

Notes
Turn   | Place    | Note
-------+----------+-------------------------------------------
     0 | D:1      | Ordine the Deep Elf Wizard began the quest for the Orb.
     0 | D:1      | Reached XP level 1. HP: 10/10 MP: 7/7
   441 | D:1      | Reached XP level 2. HP: 15/15 MP: 5/9
   445 | D:1      | Learned a level 2 spell: Blink
  1254 | D:2      | Reached XP level 3. HP: 19/19 MP: 8/11
  1259 | D:2      | Learned a level 3 spell: Conjure Flame
  1263 | D:2      | Learned a level 3 spell: Mephitic Cloud
  1982 | D:3      | Reached XP level 4. HP: 24/24 MP: 7/12
  1993 | D:3      | Noticed Robin
  2016 | D:3      | Killed Robin
  2016 | D:3      | Reached skill level 5 in Spellcasting
  2042 | D:3      | Noticed Banto's ghost (weakling DgWn)
  2054 | D:3      | Killed Banto's ghost
  2383 | D:3      | Found an opulent altar of Gozag.
  2383 | D:3      | Found a glowing silver altar of Zin.
  2604 | D:3      | HP: 1/24 [iguana (12)]
  2607 | D:3      | Reached skill level 1 in Fire Magic
  2607 | D:3      | Reached skill level 1 in Air Magic
  2607 | D:3      | Reached skill level 1 in Poison Magic
  2793 | D:3      | Reached XP level 5. HP: 28/28 MP: 8/14
  3186 | D:4      | Noticed a phantom
  3211 | D:4      | Killed a phantom
  3211 | D:4      | Reached XP level 6. HP: 31/32 MP: 3/15
  3525 | D:4      | Reached XP level 7. HP: 36/36 MP: 11/16
  3584 | D:4      | Reached skill level 5 in Conjurations
  3964 | D:5      | Entered Level 5 of the Dungeon
  4440 | D:5      | Reached skill level 1 in Short Blades
  4440 | D:5      | Reached skill level 5 in Stealth
  4524 | D:5      | Noticed Ijyb
  4535 | D:5      | Killed Ijyb
  4606 | D:5      | Noticed Banto's ghost (novice DgWn)
  4630 | D:5      | Killed from afar by Banto's ghost

Vault maps used:
D:1:      minmay_arrival_loop, serial_co_window_serial, co_window_corner_a,
          co_window_corner_a, co_window_paths_b, co_window_corner_a,
          co_window_corner_a, co_window_corner_a, co_window_paths_b,
          co_window_of_opportunity_c, co_window_broadway_b,
          co_window_unsneaky_path_c, co_window_4corner_a, glass_columns_a,
          glass_columns_a, glass_columns_a, glass_columns_b
D:3:      grunt_temple_overflow_gold_and_silver, uniq_robin
D:4:      first_bread, serial_bayou, serial_bayou_pond_c, serial_bayou_shore_a,
          serial_bayou_crossing, serial_bayou_pond_a, serial_bayou_pond_c,
          serial_bayou_pond_b
D:5:      temple_statues, uniq_ijyb, uniq_duvessa

Skill      XL: |  1  2  3  4  5  6  7 |
---------------+----------------------+-----
Conjurations   | 2 3 4 5 |  5.9
Spellcasting   | 5 |  5.0
Fire Magic     | 1 2 3 |  3.0
Air Magic      | 1 2 3 |  3.1
Poison Magic   | 1 2 |  2.8
Stealth        | 3 4 5 |  5.0
Translocations | 2 3 |  3.0
Short Blades   | 1 |  1.2
Dodging        | |  2.4
Summonings     | |  1.1

Action                   |  1- 3 |  4- 6 |  7- 9 || total
-------------------------+-------+-------+-------++-------
Melee: Unarmed           |     6 |       |       ||     6
       Dagger            |       |     1 |     7 ||     8
 Cast: Magic Dart        |   116 |   170 |    82 ||   368
       Conjure Flame     |       |     1 |     4 ||     5
       Mephitic Cloud    |       |       |     5 ||     5
       Blink             |       |       |     2 ||     2
  Use: Scroll            |     5 |     9 |     1 ||    15
       Potion            |       |     1 |     5 ||     6
 Stab: Confused          |       |       |     1 ||     1
  Eat: Chunk             |     3 |     5 |     3 ||    11
Armor: Robe              |     3 |    10 |     3 ||    16
Dodge: Dodged            |    27 |    47 |    17 ||    91
